 Dungeon Crawl Stone Soup version 0.30-a0-748-ge6a52f7cba (webtiles) character file.

Game seed: 15818202497701277188

42 Esekla the Sneak (level 3, 26/26 HPs)
             Began as an Octopode Delver on Feb 8, 2023.
             Quit the game on level 5 of the Dungeon.
             The game lasted 00:03:35 (626 turns).

Esekla the Sneak (Octopode Delver)                   Turns: 626, Time: 00:03:36

Health: 26/26      AC:  1    Str: 11    XL:     3   Next: 56%
Magic:  4/4        EV: 13    Int: 14    God:
Gold:   23         SH:  0    Dex: 13    Spells: 3/3 levels left

rFire   . . .      SeeInvis .    a - +0 falchion
rCold   . . .      Faith    .    (no shield)
rNeg    . . .      Spirit   .    (helmet restricted)
rPois   .          Reflect  .    (no amulet)
rElec   .          Harm     .    (no ring)
rCorr   .          Rampage  .    (no ring)
Will    .....                    (no ring)
Stlth   ++++                     (no ring)
HPRegen 0.24/turn                (no ring)
MPRegen 0.09/turn                (no ring)
                                 (no ring)
                                 (no ring)

@: no status effects
A: almost no armour, amphibious, 8 rings, camouflage 1, gelatinous body 1,
(nimble swimmer 1), tentacles
a: no special abilities


You were on level 5 of the Dungeon.
You visited 2 branches of the dungeon, and saw 2 of its levels.

You collected 23 gold pieces.

Inventory:

Hand Weapons
 a - a +0 falchion (weapon)
Wands
 f - a wand of digging (3)
Scrolls
 b - a scroll of fog
 c - a scroll of teleportation {unknown}
Potions
 d - 2 potions of mutation {unknown}
 e - a potion of haste
 g - a potion of cancellation {unknown}


   Skills:
 * Level 3.2 Fighting
 * Level 2.3 Long Blades
 * Level 2.2 Dodging
 + Level 7.1 Stealth
 * Level 0.7 Spellcasting
 * Level 0.8 Transmutations


You had 3 spell levels left.
You didn't know any spells.
Your spell library contained the following spells:

 Spells                   Type           Power      Damage    Failure   Level
 Beastly Appendage        Tmut           4%         N/A       21%         1
 Wereblood                Tmut           2%         N/A       30%         2
 Spider Form              Tmut/Pois      1%         N/A       56%         3


Dungeon Overview and Level Annotations

Branches:
Dungeon (5/15)             Temple (1/1) D:5

Altars:
Cheibriados
Dithmenos
Elyvilon
Fedhas
Hepliaklqana
Kikubaaqudgha
Makhleb
Nemelex Xobeh
Okawaru
Qazlal
Ru
Sif Muna
Trog
Uskayaw
Vehumet
Wu Jian
Xom
Zin
The Shining One

Annotations:
D:5 Edmund


Innate Abilities, Weirdness & Mutations

You cannot wear most types of armour.
You are amphibious.
You can wear up to eight rings at the same time.
Your skin changes colour to match your surroundings (Stealth+).
Your rubbery body absorbs attacks. (AC +1, EV +1)
((You are camouflaged when in or above water. (Stealth+)))
You have tentacles for arms and can constrict up to eight enemies at once.


Message History

Level annotation: Edmund The orc hits you with a +0 club. x2
There is a staircase to the Ecumenical Temple, spattered with blood here.
You hit the orc. Your grab misses the orc.
The orc is heavily wounded.
The orc hits you with a +0 club.
You barely miss the orc. Your grab misses the orc.
The orc is heavily wounded.
The orc misses you.
You completely miss the orc. You grab the orc.
The orc is heavily wounded.
You constrict the orc. The orc barely misses you.
You hit the orc.
You kill the orc!
You see here a +0 club.
You enter the shallow water.
You now have 23 gold pieces (gained 12).
The orc shouts!
You hit the orc. You grab the orc.
The orc is moderately wounded.
You constrict the orc, but do no damage.
You hit the orc.
The orc is heavily wounded.
You constrict the orc, but do no damage.
The orc misses you.
You hit the orc.
You kill the orc!
You hear a splash. x2
You enter the shallow water.
Things that are here:
a +0 club; a +0 chain mail; an orc corpse
There is a staircase to the Ecumenical Temple, spattered with blood here.
You enter the shallow water.
Found 2 brown potions.
Found an ornate altar of the Wu Jian Council.
d - 2 brown potions
Found a shimmering blue altar of Sif Muna.
Found three altars.
Found a glowing golden altar of the Shining One.
Are you sure you want to abandon this character and quit the game? (Confirm with "yes".)

##...# *,**** **,,,,,** ##.##.#
*,**,** **,,,,,,,**
##...#.#######,*,,,****,,,,,,,,,*
..............,,,,,,,,+,,,,,,,,,+
#......############****,,,,,,,,,*
#.#.##.##_#⌠#_#.#8# **,,,,,,,**
#.##*#.#8.#.#.#.#.## **,,,,,**
*,* #............_# **,,,** *,*
##.........@.#* **+** *,*
##8.#.#.#.#._# *,* *,*
##_#.#.#_#### *,* *,* #########*
**,** *,* *,*********,,,** *,*
*,*,,,,,**,,,,,*** *,*
*,,,,,,,***,,,,,,, ,,* ***,,,,,*
**,*,*** *** *,,,,,******,**,


There were no monsters in sight!

Vanquished Creatures
  An orc priest (D:5)
  A white imp (Temple)
  3 orcs (D:5)
5 creatures vanquished.

Notes
Turn   | Place    | Note
-------+----------+-------------------------------------------
     0 | D:5      | Esekla the Octopode Delver began the quest for the Orb.
     0 | D:5      | Reached XP level 1. HP: 16/16 MP: 1/1
     5 | D:5      | Noticed an iguana
    45 | D:5      | Noticed an iguana
    79 | D:5      | Found a snail-covered altar of Cheibriados.
    80 | D:5      | Found a sacrificial altar of Ru.
    94 | D:5      | Noticed a scorpion
   122 | D:5      | Noticed Edmund
   131 | D:5      | Noticed an orc priest
   132 | D:5      | Found a staircase to the Ecumenical Temple.
   144 | D:5      | Killed an orc priest
   145 | D:5      | Reached skill level 7 in Stealth
   145 | D:5      | Reached XP level 2. HP: 5/21 MP: 2/2
   145 | D:5      | Reached XP level 3. HP: 6/26 MP: 3/3
   150 | Temple   | Entered the Ecumenical Temple
   612 | D:5      | Found an ornate altar of the Wu Jian Council.
   616 | D:5      | Found a shimmering blue altar of Sif Muna.
   620 | D:5      | Found a bloodstained altar of Trog.
   620 | D:5      | Found a sparkling altar of Nemelex Xobeh.
   620 | D:5      | Found a glowing silver altar of Zin.
   623 | D:5      | Found a glowing golden altar of the Shining One.
   626 | D:5      | Quit the game

Illustrated notes

Levels and vault maps discovered:
D:5:      layout_loops_corners, minitemple, mainiacjoe_overflow_divided_tiny,
          minmay_temple_entry_water_ring, minmay_manual_mares, uniq_edmund,
          uniq_pikel
Temple:   minmay_temple_curvy_loop

Skill      XL: |  1 |
---------------+----+-----
Stealth        | 7 |  7.1
Fighting       | |  3.2
Long Blades    | |  2.3
Dodging        | |  2.2
Spellcasting   | |  0.7
Transmutations | |  0.8

Action                     || total
---------------------------++-------
  Melee: Falchion          ||    19
         Constrict         ||     5
         Punch             ||     1
         Tentacles         ||     1
    Use: Scroll            ||     2
  Dodge: Dodged            ||    11

Table legend: (Time is in decaauts)
 A = Elapsed time spent in this place.
 B = Non-inter-level travel time spent in this place.
 C = Inter-level travel time spent in this place.
 D = Time resting spent in this place.
 E = Time spent auto-exploring this place.
 F = Levels seen in this place.
 G = Mean time per level.
                   A        B        C        D        E       F      G
               +--------+--------+--------+--------+--------+-----+--------+
         Total |    632 |    607 |     25 |    179 |    185 |   2 |  316.0 |
       Dungeon |    228 |    227 |      1 |      0 |      0 |   1 |  228.0 |
        Temple |    403 |    379 |     24 |    179 |    185 |   1 |  403.0 |
               +--------+--------+--------+--------+--------+-----+--------+

Top non-repeatable levels by time:
  Temple: 403 daAuts
     D:5: 228 daAuts
